 Dungeon Crawl Stone Soup version 0.27-a0-1217-g8a41f320e8 (webtiles) character file.

Game seed: 8170168366300988015

579 quinnr the Magician (level 7, 0/45 HPs)
             Began as a Djinni Air Elementalist on June 5, 2021.
             Slain by a killer bee (8 damage)
             ... on level 4 of the Dungeon.
             The game lasted 00:09:35 (5421 turns).

quinnr the Magician (Djinni Air Elementalist)       Turns: 5421, Time: 00:09:36

Health: 0/45       AC:  4    Str:  7    XL:     7   Next: 63%
Gold:   174        EV: 12    Int: 18    God:
                   SH:  0    Dex: 14

rFire    + + .     SeeInvis .   l - +0 whip (elec)
rCold    x . .     Faith    .   (no shield)
rNeg     . . .     Spirit   .   e - +2 robe {Will+}
rPois    ∞         Reflect  .   (no helmet)
rElec    .         Harm     .   (no cloak)
rCorr    .         Rampage  .   (no gloves)
Will     +....                  (boots unavailable)
Stlth    ++........             (no amulet)
HPRegen  0.15/turn              (no ring)
MPRegen  0.00/turn              (no ring)

@: brilliant, flying
A: sickness immunity, fire resistance 2, cold vulnerability 1, float, innate
caster, hp casting, extra vitality 1
a: no special abilities


You were on level 4 of the Dungeon.
You visited 1 branch of the dungeon, and saw 5 of its levels.

You collected 188 gold pieces.
You spent 14 gold pieces at shops.

Inventory:

Hand Weapons
 l - a +0 whip of electrocution (weapon)
Armour
 a - a +0 robe
 e - a +2 robe of willpower (worn)
Jewellery
 f - a ring of poison resistance
Scrolls
 b - a scroll of acquirement {unknown}
 c - 2 scrolls of noise {unknown}
 d - 3 scrolls of immolation
 g - a scroll of enchant weapon {unknown}
 i - a scroll of holy word {unknown}
 o - a scroll of silence {unknown}
 p - a scroll of fear {unknown}
Potions
 h - a potion of magic
 j - 3 potions of curing
 k - a potion of haste {unknown}
 m - a potion of might {unknown}
 n - a potion of brilliance


   Skills:
 - Level 2.1 Dodging
 - Level 1.5 Stealth
 + Level 6.3 Spellcasting


You couldn't memorise any spells.
You knew the following spells:

 Your Spells              Type           Power      Damage    Failure   Level
a - Shock                 Conj/Air       100%       1d9       1%          1
b - Static Discharge      Conj/Air       43%        N/A       1%          2
c - Swiftness             Air            43%        N/A       2%          3
d - Airstrike             Air            21%        N/A       9%          4
e - Lightning Bolt        Conj/Air       21%        1d36      24%         5
f - Sandblast             Erth           86%        2d18      1%          1
g - Searing Ray           Conj           86%        3d6       1%          2
h - Gell's Gravitas       Tloc           21%        N/A       2%          3
Your spell library was empty.

Dungeon Overview and Level Annotations

Branches:
Dungeon (5/15)
 Temple: D:4-7

Altars:

Shops:
D:2 !


Innate Abilities, Weirdness & Mutations

You are immune to sickness and miasma.
You are immune to poison.
Your flesh is very heat resistant. (rF++)
You are vulnerable to cold. (rC-)
You float through the air rather than walking.
You learn spells naturally, not from books.
Your magical power is your life essence.
You have superior vitality. (+4 HP)


Message History

You are struck by an arc of lightning.
The killer bee is struck by an arc of lightning!
The killer bee is heavily wounded.
The lightning grounds out.
The killer bee is struck by an arc of lightning.
The killer bee is almost dead.
The lightning grounds out.
The killer bee is struck by an arc of lightning.
The killer bee is lightly wounded.
The orc is struck by an arc of lightning.
The orc is severely wounded.
The killer bee is struck by an arc of lightning.
You kill the killer bee!
The orc is struck by an arc of lightning.
The orc is severely wounded.
The lightning grounds out.
The killer bee stings you. x2
* * * LOW HITPOINT WARNING * * *
The killer bee closely misses you. The killer bee barely misses you.
Unknown command.
Casting: Static Discharge (safe; 1% risk of failure)
Confirm with . or Enter, or press ? or * to list all spells.
You feel a surge of power!
The killer bee is struck by an arc of lightning!
The killer bee is almost dead.
The lightning grounds out.
The orc is struck by an arc of lightning!
You kill the orc!
The orc is struck by an arc of lightning!
You kill the orc!
The killer bee is struck by an arc of lightning.
You kill the killer bee!
You are struck by an arc of lightning.
* * * LOW HITPOINT WARNING * * *
The lightning grounds out.
The killer bee is struck by an arc of lightning.
The killer bee is heavily wounded.
The lightning grounds out.
* * * LOW HITPOINT WARNING * * *
The killer bee stings you!
You die...

#.# #.#.#.......#.#.#.#
#.###.#.##............#
#...........#...#...[##
########.....#......##
#.#......#..###
#.#........##.##
##o####.#.###...#
##y..###..........
#@))....'.........
##....###.........
##.#.# ##.......# ###.#
##.....## #.# ##...##
#.# ##'## #.# #.# #.#
##.#### #.# #......


You could see a killer bee and an orc.

Vanquished Creatures
  A black bear (D:4)
  A kobold brigand (D:4)
  4 killer bees (D:4)
  2 jellies (D:3)
  2 hounds (D:4)
  A hound skeleton (D:4)
  5 adders
  A worm (D:3)
  3 dart slugs
  12 orcs
  11 endoplasms
  4 giant cockroaches
  9 goblins
  3 hobgoblins
  5 jackals
  19 kobolds
  3 quokkas
  3 ball pythons
  4 bats
  3 frilled lizards (D:2)
  5 rats
101 creatures vanquished.

Vanquished Creatures (others)
  8 fungi (D:3)
  6 toadstools (D:3)
14 creatures vanquished.

Grand Total: 115 creatures vanquished

Notes
Turn   | Place    | Note
-------+----------+-------------------------------------------
     0 | D:1      | quinnr the Djinni Air Elementalist began the quest for the
                  | Orb.
     0 | D:1      | Reached XP level 1. HP: 15/15 MP: 0/0
   270 | D:1      | Reached XP level 2. HP: 20/21 MP: 0/0
   450 | D:1      | Reached skill level 3 in Spellcasting
   745 | D:1      | Reached XP level 3. HP: 22/25 MP: 0/0
   745 | D:1      | Learned a level 1 spell: Sandblast
  1747 | D:2      | Reached XP level 4. HP: 30/31 MP: 0/0
  2191 | D:2      | Found Otot's Distillery.
  2197 | D:2      | Bought a potion of degeneration for 14 gold pieces
  2324 | D:2      | Reached skill level 4 in Spellcasting
  3020 | D:3      | Reached XP level 5. HP: 33/35 MP: 0/0
  3020 | D:3      | Learned a level 2 spell: Searing Ray
  4040 | D:3      | Reached XP level 6. HP: 38/40 MP: 0/0
  4141 | D:4      | Reached skill level 5 in Spellcasting
  4867 | D:4      | Noticed a black bear
  4873 | D:4      | Killed a black bear
  4874 | D:4      | Reached XP level 7. HP: 36/45 MP: 0/0
  4874 | D:4      | Learned a level 3 spell: Gell's Gravitas
  5319 | D:5      | Entered Level 5 of the Dungeon
  5327 | D:4      | Reached skill level 6 in Spellcasting
  5421 | D:4      | Slain by a killer bee

Illustrated notes

Levels and vault maps discovered:
D:1:      dpeg_arrival_ternary, layout_loops_ring
D:2:      layout_loops_cross, serial_shops, shop, wad_floor_pattern_untrapped
D:3:      cheibrodos_fertilizer, layout_basic
D:4:      layout_loops_corners, hangedman_decor_opposing,
          kennysheep_generic_room_14
D:5:      layout_gridville, gup_sewer_entry_bowl

Skill      XL: |  1  2  3  4  5  6  7 |
---------------+----------------------+-----
Spellcasting   | 3 4 5 6 |  6.3
Dodging        | |  2.1
Stealth        | |  1.5

Action                   |  1- 3 |  4- 6 |  7- 9 || total
-------------------------+-------+-------+-------++-------
 Cast: Shock             |    64 |   100 |    12 ||   176
       Static Discharge  |       |     4 |     6 ||    10
       Searing Ray       |       |     4 |       ||     4
       Gell's Gravitas   |       |       |     1 ||     1
  Use: Scroll            |       |     3 |       ||     3
       Potion            |       |       |     1 ||     1
Armor: Robe              |     1 |     3 |     6 ||    10
Dodge: Dodged            |     2 |     4 |    21 ||    27

Table legend: (Time is in decaauts)
 A = Elapsed time spent in this place.
 B = Non-inter-level travel time spent in this place.
 C = Inter-level travel time spent in this place.
 D = Time resting spent in this place.
 E = Time spent auto-exploring this place.
 F = Levels seen in this place.
 G = Mean time per level.
                   A        B        C        D        E       F      G
               +--------+--------+--------+--------+--------+-----+--------+
         Total |   5424 |   5201 |    223 |    818 |   3863 |   5 | 1084.8 |
       Dungeon |   5424 |   5201 |    223 |    818 |   3863 |   5 | 1084.8 |
               +--------+--------+--------+--------+--------+-----+--------+

Top non-repeatable levels by time:
     D:3: 1685 daAuts
     D:1: 1474 daAuts
     D:4: 1160 daAuts
     D:2: 1097 daAuts
     D:5: 6 daAuts
